 Dungeon Crawl Stone Soup version 0.22-a0-42-g002c468 (webtiles) character file.

99 Halberto the Chopper (level 4, -5/61 HPs)
             Began as a Minotaur Berserker on Jan 6, 2018.
             Was a Believer of Trog.
             Slain by a gnoll
             ... wielding a cursed -2 halberd
              (13 damage)
             ... on level 2 of the Dungeon.
             The game lasted 00:01:38 (1107 turns).

Halberto the Chopper (Minotaur Berserker)           Turns: 1107, Time: 00:01:39

Health: -5/61      AC:  2    Str: 27    XL:     4   Next: 45%
Magic:  3/3        EV: 13    Int:  4    God:    Trog [**....]
Gold:   73         SH:  0    Dex: 10    Spells: 3/3 levels left

rFire    . . .     SeeInvis .   a - +0 hand axe
rCold    . . .     Gourm    .   (no shield)
rNeg     . . .     Faith    .   b - +0 animal skin
rPois    .         Spirit   .   (helmet restricted)
rElec    .         Reflect  .   (no cloak)
rCorr    .         Harm     .   (no gloves)
MR       .....                  (no boots)
Stlth    ..........             j - amulet of inaccuracy (curse)
HPRegen  0.20/turn              (no ring)
MPRegen  0.08/turn              (no ring)

@: berserking, very quick
A: retaliatory headbutt, horns 2
a: Berserk, Trog's Hand, Burn Spellbooks, Renounce Religion


You were on level 2 of the Dungeon.
You worshipped Trog.
Trog was pleased with you.
You were hungry.

You visited 1 branch of the dungeon, and saw 2 of its levels.

You collected 73 gold pieces.

Inventory:

Hand Weapons
 a - a +0 hand axe (weapon)
Missiles
 i - 3 silver javelins (quivered)
Armour
 b - a +0 animal skin (worn)
Jewellery
 j - a cursed amulet of inaccuracy (around neck)
Scrolls
 g - a scroll of enchant weapon {unknown}
 m - a scroll of teleportation {unknown}
Potions
 e - a potion of curing {unknown}
 f - a potion of mutation {unknown}
 h - a potion of degeneration {unknown}
 k - a potion of invisibility {unknown}
 l - a potion of might {unknown}
Comestibles
 c - 3 rations


   Skills:
 + Level 4.4 Fighting
 + Level 4.4 Axes
 + Level 3.4 Armour
 + Level 3.2 Dodging


You had 3 spell levels left.
You didn't know any spells.

Dungeon Overview and Level Annotations

Branches:
Dungeon (2/15)

Altars:


Innate Abilities, Weirdness & Mutations

You reflexively headbutt those who attack you in melee.
You have a pair of horns on your head.


Message History

You closely miss the gnoll. The gnoll hits you with a club.
* * * LOW HITPOINT WARNING * * *
You barely miss the gnoll. The gnoll closely misses you.
You miss the gnoll. You headbutt the gnoll!
The gnoll is severely wounded.
The gnoll misses you. You furiously retaliate!
You headbutt the gnoll!
You kill the gnoll!
Trog accepts your kill.
You swing at nothing.
The bat barely misses you.
The gnoll hits you from afar with an enchanted halberd!
* * * LOW HITPOINT WARNING * * *
You slash the bat!
You kill the bat!
Trog accepts your kill.
You slash the leopard gecko!
You kill the leopard gecko!
Trog accepts your kill. The ooze misses you.
The gnoll hits you with an enchanted halberd!
You die...

####### ###....(###
#.........# #.........#
#.........#
#############.........##
.......†..............+.
.......#.###..........##
###.g@†# #............
......J#.# #............
.....(.#<# #............
.........# #..........##
.....(.#.# #..........#
....#.)..# #.##########
....+....# #.# ... #..
.#


You could see a gnoll and an ooze.

Vanquished Creatures
  An iguana (D:2)
  2 gnolls (D:2)
  An adder (D:2)
  2 oozes
  A worm (D:2)
  A leopard gecko (D:2)
  A ball python (D:1)
  5 bats
  2 giant cockroaches
  7 goblins (D:1)
  2 hobgoblins (D:1)
  4 kobolds
  A frilled lizard (D:1)
  6 rats
36 creatures vanquished.

Notes
Turn   | Place    | Note
-------+----------+-------------------------------------------
     0 | D:1      | Halberto the Minotaur Berserker began the quest for the Orb.
     0 | D:1      | Reached XP level 1. HP: 19/19 MP: 0/0
   131 | D:1      | Reached XP level 2. HP: 27/27 MP: 1/1
   727 | D:1      | Reached XP level 3. HP: 33/33 MP: 2/2
   980 | D:2      | Reached ** piety under Trog
   980 | D:2      | Reached XP level 4. HP: 27/41 MP: 3/3
  1107 | D:2      | Slain by a gnoll

Vault maps used:
D:1:      zelgadis_glass_arrival_small

Skill      XL: |  1  2  3 |
---------------+----------+-----
Fighting       | 4 |  4.4
Axes           | 4 |  4.4
Armour         | 3 |  3.4
Dodging        | 3 |  3.2

Action                   |  1- 3 |  4- 6 || total
-------------------------+-------+-------++-------
Melee: Hand axe          |    54 |    10 ||    64
       Headbutt          |    11 |     1 ||    12
Invok: Berserk           |       |     1 ||     1
 Stab: Sleeping          |     1 |       ||     1
  Eat: Chunk             |       |     1 ||     1
Armor: Animal skin       |     8 |     1 ||     9
Dodge: Dodged            |    38 |    10 ||    48

Table legend:
 A = Spawn XP
 B = Non-spawn XP
 C = Spawn XP percentage of total XP
 D = Spawn monster count
 E = Non-spawn monster count
 F = Spawn count percentage of total count
 G = Total turns spent on level
                    A         B        C        D         E        F      G
               +---------+---------+-------+---------+---------+-------+---------
         Total |       0 |     142 |   0.0 |       0 |      36 |   0.0 |  1107
               +---------+---------+-------+---------+---------+-------+---------
           D:1 |       0 |      43 |   0.0 |       0 |      24 |   0.0 |   832
           D:2 |       0 |      99 |   0.0 |       0 |      12 |   0.0 |   275
               +---------+---------+-------+---------+---------+-------+---------
